 Dungeon Crawl Stone Soup version 0.27-a0-417-g317cea8a3c (webtiles) character file.

Game seed: 686382614841312128

3292 dolemite99 the Fighter (level 9, -5/79 HPs)
             Began as a Demonspawn Hunter on Feb 26, 2021.
             Was an Initiate of Gozag.
             Slain by a two-headed ogre
             ... wielding a +0 giant club
              (7 damage)
             ... on level 9 of the Dungeon.
             The game lasted 00:11:23 (9810 turns).

dolemite99 the Fighter (Demonspawn Hunter)          Turns: 9810, Time: 00:11:23

Health: -5/79      AC: 14    Str: 16    XL:     9   Next: 69%
Magic:  18/18      EV:  2    Int: 13    God:    Gozag
Gold:   385        SH: 13    Dex: 13    Spells: 8/8 levels left

rFire    . . .     SeeInvis .   b - +2 dagger (venom)
rCold    . . .     Faith    .   p - +0 kite shield
rNeg     . . .     Spirit   .   f - +0 plate armour
rPois    +         Reflect  .   y - +0 helmet
rElec    .         Harm     .   j - +0 cloak
rCorr    .         Rampage  .   (no gloves)
Will     .....                  (no boots)
Stlth    ..........             g - amulet of the acrobat
HPRegen  0.23/turn              w - ring of magical power
MPRegen  0.16/turn              E - ring of poison resistance

@: mighty, very slightly contaminated, invisible
A: talons 2, molten scales 1, condensation shield
a: Renounce Religion, Potion Petition, Call Merchant, Bribe Branch


You were on level 9 of the Dungeon.
You worshipped Gozag.
Gozag was aware of your devotion.
You visited 1 branch of the dungeon, and saw 9 of its levels.

You collected 1091 gold pieces.
You paid 706 gold pieces to Gozag.

Inventory:

Hand Weapons
 a - a +1 hunting sling
 b - a +2 dagger of venom (weapon)
 e - a +0 short sword
 m - the +6 dagger "Petext" {freeze, *Drain rC+++ Dex+2}
   (You found it on level 4 of the Dungeon)

   It has been specially enchanted to freeze those struck by it, causing extra
   injury to most foes and up to half again as much damage against particularly
   susceptible opponents.
   It can also slow down cold-blooded creatures.
   It affects your dexterity (+2).
   It renders you almost immune to cold.
   It causes draining when unequipped.
 q - a +0 short sword
 t - a +4 trident
Missiles
 d - 20 sling bullets
 i - 171 stones (quivered)
 l - 2 javelins
 s - 60 arrows
 K - 4 silver javelins
 L - 6 poisoned darts
Armour
 c - a +0 leather armour
 f - a +0 plate armour (worn)
 j - a +0 cloak (worn)
 p - a +0 kite shield (worn)
 y - a +0 helmet (worn)
Jewellery
 g - an amulet of the acrobat (around neck)
 v - a ring of fire
 w - a ring of magical power (left hand)
 A - a ring of flight
 D - a +6 ring of intelligence
 E - a ring of poison resistance (right hand)
 G - an amulet of reflection
 H - a ring of magical power
Wands
 F - a wand of polymorph (2)
Scrolls
 h - a scroll of amnesia
 n - 5 scrolls of teleportation
 u - a scroll of blinking
 B - a scroll of fear
Potions
 k - a potion of mutation
 o - 2 potions of attraction
 r - 2 potions of haste
 x - a potion of flight {unknown}
 z - 3 potions of brilliance


   Skills:
 - Level 10.4 Fighting
 - Level 4.4 Short Blades
 - Level 6.2 Slings
 - Level 1.7 Dodging
 - Level 0.8 Stealth
 + Level 4.5 Shields


You had 8 spell levels left.
You didn't know any spells.
Your spell library contained the following spells:

 Spells                   Type           Power        Failure   Level
 Animate Skeleton         Necr           0%           100%        1
 Apportation              Tloc           0%           100%        1
 Corona                   Hex            0%           100%        1
 Summon Small Mammal      Summ           0%           100%        1


Dungeon Overview and Level Annotations

Branches:
Dungeon (9/15)
 Temple: D:4-7         Lair: D:8-11         Orc: D:9-12

Altars:
Gozag
Nemelex Xobeh
Qazlal
Sif Muna
Uskayaw
Zin

Shops:
D:6 =

Annotations:
D:3 1 runed translucent door, Crazy Yiuf
D:7 Menkaure
D:8 Psyche


Innate Abilities, Weirdness & Mutations

You have razor-sharp toenails.
You are partially covered in molten scales. (AC +2)
A meltable shield of frost defends you. (SH +4)


Message History

A centaur comes into view.
The orc shouts!
The centaur shouts!
The adder hisses angrily.
You hear a shout!
An orc wizard comes into view. It is wielding a +0 dagger.
The orc wizard shouts!
The orc shouts!
The adder hisses angrily.
The orc wizard shouts!
The orc shouts!
The adder hisses angrily.
You hear a shout!
The centaur wields a +0 shortbow.
The centaur shoots an arrow.
The arrow completely misses you.
The centaur shoots an arrow.
You block the arrow.
The orc wizard shouts!
The orc shouts!
The adder hisses angrily.
The two-headed ogre misses you. The two-headed ogre closely misses you.
The orc shouts!
You see here 14 gold pieces.
The centaur shoots an arrow.
The arrow hits the two-headed ogre.
Found 14 gold pieces.
Found a stone staircase leading up.
Psyche the Insane Magess comes into view.
She is wielding a +1 dagger of chaos.
Psyche points at herself and mumbles some strange words.
Psyche flickers and vanishes!
Deactivating autopickup; reactivate with Ctrl-A.
The two-headed ogre looks more healthy.
The centaur shoots an arrow.
The arrow hits the two-headed ogre.
The centaur shoots an arrow.
The arrow barely misses the two-headed ogre.
The centaur shoots an arrow.
Found a stone staircase leading down.
There is a stone staircase leading down here.
The two-headed ogre hits you with a +0 giant club!!
* * * LOW HITPOINT WARNING * * *
The two-headed ogre hits you but does no damage.
You climb downwards.
Reactivating autopickup.
Found a scroll of teleportation.
There is a stone staircase leading up here.
You hit the two-headed ogre. You claw the two-headed ogre!
The two-headed ogre is severely wounded.
The two-headed ogre hits you with a +0 giant club!
* * * LOW HITPOINT WARNING * * *
The two-headed ogre hits you with a +0 giant club!
You die...
Your body crumbles into a pile of gold.

# ##
##..##.######
...?........#
#@# #O# ### $


You could see a two-headed ogre.

Vanquished Creatures
  Pikel (D:5)
  A troll (D:5)
  Prince Ribbit (D:5)
  Sigmund (D:6)
  Eustachio (D:5)
  Duvessa (D:4)
  2 ice beasts
  4 ogres
  A centaur (D:5)
  3 lemures (D:5)
  A kobold brigand (D:8)
  Blork the orc (D:5)
  2 bullfrogs
  Dowan (D:4)
  2 scorpions
  4 wights (D:7)
  A quasit (D:6)
  A bullfrog zombie (D:5)
  A centaur skeleton (D:5)
  6 hounds
  A jelly (D:7)
  3 iguanas
  4 orc wizards
  4 worker ants
  4 gnolls (D:6)
  2 howler monkey skeletons
  9 adders
  A shadow imp (D:5)
  2 white imps
  An ufetubus (D:6)
  3 oozes
  An adder skeleton (D:5)
  2 dart slugs
  3 leopard geckos
  13 orcs
  5 giant cockroaches
  5 goblins
  11 hobgoblins
  A quokka (D:5)
  A ball python (D:4)
  4 bats
  2 frilled lizards
  12 kobolds
  A leopard gecko skeleton (D:4)
  4 rats
135 creatures vanquished.

Notes
Turn   | Place    | Note
-------+----------+-------------------------------------------
     0 | D:1      | dolemite99 the Demonspawn Hunter began the quest for the
                  | Orb.
     0 | D:1      | Reached XP level 1. HP: 16/16 MP: 1/1
   630 | D:1      | Gained mutation: You are partially covered in molten
                  | scales. (AC +2) [demonic ancestry]
   630 | D:1      | Reached XP level 2. HP: 22/22 MP: 2/2
  1367 | D:2      | Reached XP level 3. HP: 27/27 MP: 3/3
  2045 | D:2      | Found a glowing silver altar of Zin.
  2045 | D:2      | Found an opulent altar of Gozag.
  2174 | D:2      | Became a worshipper of Gozag Ym Sagoz the Greedy
  2285 | D:3      | Reached skill level 5 in Slings
  2362 | D:3      | Gained mutation: You have sharp toenails. [demonic
                  | ancestry]
  2362 | D:3      | Reached XP level 4. HP: 16/33 MP: 4/4
  3504 | D:3      | Found a runed translucent door.
  3505 | D:3      | Noticed Crazy Yiuf
  3729 | D:3      | Gained mutation: You have razor-sharp toenails. [demonic
                  | ancestry]
  3729 | D:3      | Reached XP level 5. HP: 26/38 MP: 5/5
  3934 | D:4      | Identified a fine dagger
  3956 | D:4      | Noticed Duvessa
  3973 | D:4      | Killed Duvessa
  3974 | D:4      | Reached XP level 6. HP: 36/44 MP: 6/6
  4037 | D:4      | Noticed Dowan
  4061 | D:4      | Killed Dowan
  4565 | D:4      | Reached XP level 7. HP: 9/50 MP: 7/7
  5215 | D:4      | Reached skill level 3 in Fighting
  5336 | D:5      | Entered Level 5 of the Dungeon
  5866 | D:5      | Noticed Pikel
  5887 | D:5      | Killed Pikel
  5888 | D:5      | Reached skill level 6 in Fighting
  5888 | D:5      | Gained mutation: A meltable shield of frost defends you.
                  | (SH +4) [demonic ancestry]
  5888 | D:5      | Reached XP level 8. HP: 50/65 MP: 8/8
  6086 | D:5      | Noticed Eustachio
  6093 | D:5      | Noticed Blork the orc
  6173 | D:5      | Killed Blork the orc
  6174 | D:5      | Reached skill level 7 in Fighting
  6196 | D:5      | Killed Eustachio
  6358 | D:5      | Found a shimmering blue altar of Sif Muna.
  6688 | D:5      | Noticed Prince Ribbit
  6711 | D:5      | Killed Prince Ribbit
  6712 | D:5      | Reached skill level 8 in Fighting
  6727 | D:5      | Noticed a troll
  6779 | D:5      | Killed a troll
  6780 | D:5      | Reached skill level 9 in Fighting
  6780 | D:5      | Reached XP level 9. HP: 11/77 MP: 9/9
  7408 | D:5      | Noticed a +0 hand axe
  7409 | D:5      | Noticed a +0 hand axe
  7413 | D:5      | Found a hide-covered altar of Uskayaw.
  7578 | D:6      | Noticed Sigmund
  7592 | D:6      | Killed Sigmund
  7724 | D:6      | Reached skill level 10 in Fighting
  8291 | D:7      | Found a sparkling altar of Nemelex Xobeh.
  8304 | D:7      | Reached skill level 1 in Shields
  8414 | D:7      | Noticed Menkaure
  9779 | D:8      | Noticed a two-headed ogre
  9780 | D:8      | Found a stormy altar of Qazlal.
  9802 | D:8      | Noticed Psyche
  9810 | D:9      | HP: 2/79 [two-headed ogre/+0 giant club (11)]
  9810 | D:9      | Slain by a two-headed ogre

Illustrated notes

Levels and vault maps discovered:
D:1:      dpeg_chamrin_arrival_tetris, layout_loops_ring
D:2:      layout_loops_ring, grunt_temple_overflow_gold_and_silver
D:3:      layout_loops_ring, minmay_fractal_squares_diagonal_5,
          uniq_crazy_yiuf_cottage
D:4:      layout_loops_cross, uniq_duvessa
D:5:      layout_basic, dancing_weapons_uskayaw, old_standard_altar,
          hangedman_decor_opposing, uniq_blork_the_orc, uniq_pikel,
          uniq_prince_ribbit1, uniq_eustachio
D:6:      layout_rooms, chequers_garden, uniq_sigmund
D:7:      layout_basic, overflow_temple_1_default, temple_hall_moat,
          uniq_menkaure
D:8:      layout_loops_cross, grunt_temple_overflow_forces_of_nature,
          uniq_psyche
D:9:      layout_layer_cave, grunt_temple_overflow_open,
          ebering_ghost_disaster_area, minmay_diamond_spiral

Skill      XL: |  1  2  3  4  5  6  7  8  9 |
---------------+----------------------------+-----
Slings         | 4 5 6 |  6.2
Short Blades   | 2 4 |  4.4
Fighting       | 6 9 10 | 10.4
Shields        | 4 |  4.5
Dodging        | |  1.7
Stealth        | |  0.8

Action                   |  1- 3 |  4- 6 |  7- 9 || total
-------------------------+-------+-------+-------++-------
Melee: Dagger            |       |    51 |   343 ||   394
       Kick              |       |    13 |    94 ||   107
       Hunting sling     |       |       |     1 ||     1
 Fire: Hunting sling     |   125 |   108 |    94 ||   327
Throw: Dart              |       |     3 |    61 ||    64
       Stone             |       |       |    18 ||    18
Invok: Call Merchant     |       |       |     1 ||     1
  Use: Scroll            |       |     5 |    10 ||    15
       Potion            |       |     4 |     4 ||     8
Armor: Leather armour    |     4 |       |       ||     4
       Plate armour      |    31 |   104 |   260 ||   395
       Skin              |       |       |    12 ||    12
Dodge: Dodged            |    15 |    14 |    76 ||   105
Block: Kite shield       |    11 |    48 |   255 ||   314

Table legend: (Time is in decaauts)
 A = Elapsed time spent in this place.
 B = Non-inter-level travel time spent in this place.
 C = Inter-level travel time spent in this place.
 D = Time resting spent in this place.
 E = Time spent auto-exploring this place.
 F = Levels seen in this place.
 G = Mean time per level.
                   A        B        C        D        E       F      G
               +--------+--------+--------+--------+--------+-----+--------+
         Total |   9892 |   9670 |    222 |   3853 |   3825 |   9 | 1099.1 |
       Dungeon |   9892 |   9670 |    222 |   3853 |   3825 |   9 | 1099.1 |
               +--------+--------+--------+--------+--------+-----+--------+

Top non-repeatable levels by time:
     D:5: 2243 daAuts
     D:4: 1653 daAuts
     D:3: 1509 daAuts
     D:1: 1349 daAuts
     D:6: 1293 daAuts
     D:7: 860 daAuts
     D:2: 858 daAuts
     D:8: 123 daAuts
     D:9: 0 daAuts
